 Dungeon Sprint DCSS version 0.29-a0-369-gd956c00756 (webtiles) character file.

Game seed: 12915063948437399741

5827 mhtbhm the Fencer (level 10, -22/159 HPs)
             Began as a Minotaur Berserker on May 1, 2022.
             Was a High Priest of Trog.
             Annihilated by Agnes
             ... wielding a +0 lajatang
              (35 damage)
             ... in the Dungeon (Sprint IV: "Fedhas' Mad Dash").
             The game lasted 00:04:51 (3343 turns).

mhtbhm the Fencer (Minotaur Berserker)              Turns: 3343, Time: 00:04:52

Health: -22/159    AC:  3    Str: 25    XL:     10   Next: 51%
Magic:  9/9        EV: 17    Int:  4    God:    Trog [*****.]
Gold:   229        SH:  0    Dex: 15    Spells: 9/9 levels left

rFire   . . .      SeeInvis +   a - +3 falchion
rCold   . . .      Faith    .   (no shield)
rNeg    . . .      Spirit   .   b - +0 leather armour
rPois   .          Reflect  .   (helmet restricted)
rElec   .          Harm     .   (no cloak)
rCorr   .          Rampage  .   (no gloves)
Will    .....      NoTele   +   (no boots)
Stlth   ..........              i - amulet of invisibility {+Inv}
HPRegen 0.36/turn               n - ring "Naitips" {Dex+4 SInv}
MPRegen 0.11/turn               (no ring)

@: berserking, very quick
A: horns 2, retaliatory headbutt
a: Renounce Religion, Evoke Invisibility, Berserk, Trog's Hand, Brothers in Arms


You were in the Dungeon.
You worshipped Trog.
Trog was extremely pleased with you.
You visited 1 branch You collected 229 gold pieces.

Inventory:

Hand Weapons
 a - a +3 falchion (weapon)
Armour
 b - a +0 leather armour (worn)
Jewellery
 i - the amulet of invisibility (around neck) {+Inv}
   (You found it in the Dungeon)

   [amulet of nothing]

   +Inv:      It lets you turn invisible.
 n - the ring "Naitips" (left hand) {Dex+4 SInv}
   (You found it in the Dungeon)

   [ring of see invisible]

   Dex:       It affects your dexterity (+4).
   SInv:      It lets you see invisible.
Wands
 k - a wand of acid (2)
Scrolls
 h - a scroll of blinking
 j - 2 scrolls of identify {unknown}
 l - a scroll of torment {unknown}
 o - a scroll of enchant armour {unknown}
 p - a scroll of magic mapping {unknown}
Potions
 d - a potion of heal wounds
 e - a potion of haste
 f - 2 potions of magic
 g - a potion of berserk rage
Miscellaneous
 m - a condenser vane (inert)


   Skills:
 + Level 15.4 Fighting
 + Level 16.9 Long Blades
 + Level 7.0 Armour
 + Level 10.5 Dodging
 + Level 9.0 Stealth
 + Level 8.1 Evocations


You had 9 spell levels left.
You didn't know any spells.
Your spell library was empty.

Dungeon Overview and Level Annotations

Branches:
Dungeon (1/1)

Altars:
Cheibriados
Dithmenos
Elyvilon
Gozag
Hepliaklqana
Kikubaaqudgha
Makhleb
Nemelex Xobeh
Okawaru
Qazlal
Ru
Sif Muna
Trog
Uskayaw
Vehumet
Wu Jian
Xom
Yredelemnul
Zin
The Shining One
Beogh
Jiyva
Lugonu

Shops:
D [!?[*(

Annotations:
D Agnes


Innate Abilities, Weirdness & Mutations

You have a pair of horns on your head.
You reflexively headbutt those who attack you in melee.


Message History

Okay, then.
Agnes hits you with a +0 lajatang!!
Clouds of poison gas condense around you!
The condenser dries out!
Agnes is engulfed in poison gas.
Agnes is poisoned.
Agnes hits you with a +0 lajatang!!
Agnes is engulfed in poison gas.
Agnes looks even sicker.
Agnes closely misses you.
Unknown command.
Unknown command.
A red film seems to cover your vision as you go berserk!
You feel yourself moving faster!
You feel mighty!
Agnes is engulfed in poison gas.
Agnes looks even sicker.
Agnes barely misses you.
Agnes is engulfed in poison gas.
Agnes looks as sick as possible!
Agnes hits you with a +0 lajatang!
* * * LOW HITPOINT WARNING * * *
You slash Agnes! Your headbutt misses Agnes.
Agnes is moderately wounded.
Agnes is engulfed in poison gas.
Agnes looks as sick as possible!
Agnes hits you with a +0 lajatang.
* * * LOW HITPOINT WARNING * * *
You slash Agnes! Your headbutt misses Agnes.
Agnes is heavily wounded.
You closely miss Agnes. Your headbutt misses Agnes.
Agnes is heavily wounded.
Agnes is engulfed in poison gas.
Agnes looks as sick as possible!
Agnes hits you with a +0 lajatang!!
* * * LOW HITPOINT WARNING * * *
Unknown command.
You slash Agnes! You headbutt Agnes!
Agnes is severely wounded.
Agnes is engulfed in poison gas.
Agnes looks as sick as possible!
Agnes hits you with a +0 lajatang!
* * * LOW HITPOINT WARNING * * *
You barely miss Agnes.
Agnes is severely wounded.
Unknown command.
You miss Agnes. Your headbutt misses Agnes.
Agnes is severely wounded.
Agnes is engulfed in poison gas.
Agnes looks as sick as possible!
Agnes hits you with a +0 lajatang!!
You die...

#################################
#.⌠._._._._.⌠.#.)))..#....##∩##)#
'.._._._._._..'..#...#†...'[|##'#
#..._._._._...#..###'##..(##∩#..#
#.._._._._._..#..##∩∩.'...#####..
#._._._._._.⌠.#################..
###################......###.....
#♣♣♣♣♣..♣.###.'§@§)....[.).'...♣.
......♣..♣##:)#§i#.......########
♣..♣♣♣.♣).###.##§##......#
.♣♣..♣...♣'...#♣.♣######## #
#############... ♣.. .... ♣...
#####


You could see Agnes (extremely poisoned).

Vanquished Creatures
  A ghost moth (D)
  A spriggan druid (D)
  6 oklob plants (D)
  A demonic crawler (D)
  A queen bee (D)
  3 burning bushes (D)
  A hornet (D)
  3 wandering mushrooms (D)
  3 scorpions (D)
  4 killer bees (D)
  5 oklob saplings (D)
  5 spriggans (D)
  A river rat (D)
  A rat (D)
36 creatures vanquished.

Vanquished Creatures (others)
  2 ballistomycete spores (D)
  2 bushes (D)
  4 fungi (D)
8 creatures vanquished.

Grand Total: 44 creatures vanquished

Notes
Turn   | Place    | Note
-------+----------+-------------------------------------------
     0 | D        | mhtbhm the Minotaur Berserker began the quest for the Orb.
     0 | D        | Reached XP level 1. HP: 19/19 MP: 0/0
     9 | D        | Reached skill level 4 in Long Blades
     9 | D        | Reached XP level 2. HP: 28/28 MP: 1/1
   144 | D        | Noticed an oklob sapling
   145 | D        | Killed an oklob sapling
   145 | D        | Reached ** piety under Trog
   146 | D        | Reached skill level 5 in Fighting
   146 | D        | Reached skill level 6 in Long Blades
   146 | D        | Reached XP level 3. HP: 37/37 MP: 2/2
   292 | D        | Noticed a scorpion
   292 | D        | Found the amulet of invisibility {+Inv}
   297 | D        | Killed a scorpion
   298 | D        | Reached skill level 7 in Long Blades
   298 | D        | Reached XP level 4. HP: 47/47 MP: 3/3
   345 | D        | Found an opulent altar of Gozag.
   345 | D        | Found a hazy altar of Hepliaklqana.
   345 | D        | Found a burning altar of Makhleb.
   345 | D        | Found a sparkling altar of Nemelex Xobeh.
   345 | D        | Found a snail-covered altar of Cheibriados.
   345 | D        | Found a sacrificial altar of Ru.
   345 | D        | Found a shimmering blue altar of Sif Muna.
   345 | D        | Found a shimmering altar of Xom.
   345 | D        | Found a basalt altar of Yredelemnul.
   346 | D        | Found a viscous altar of Jiyva.
   346 | D        | Found a bloodstained altar of Trog.
   346 | D        | Found an ornate altar of the Wu Jian Council.
   347 | D        | Found an iron altar of Okawaru.
   347 | D        | Found a shadowy altar of Dithmenos.
   347 | D        | Found a glowing silver altar of Zin.
   348 | D        | Found an ancient bone altar of Kikubaaqudgha.
   348 | D        | Found a hide-covered altar of Uskayaw.
   349 | D        | Found a stormy altar of Qazlal.
   349 | D        | Found a white marble altar of Elyvilon.
   349 | D        | Found a glowing golden altar of the Shining One.
   350 | D        | Found a corrupted altar of Lugonu.
   350 | D        | Found a radiant altar of Vehumet.
   355 | D        | Reached skill level 8 in Long Blades
   355 | D        | Reached XP level 5. HP: 53/53 MP: 1/4
   649 | D        | Reached skill level 9 in Long Blades
   649 | D        | Reached skill level 1 in Evocations
   659 | D        | Reached *** piety under Trog
   660 | D        | Reached skill level 5 in Armour
   664 | D        | Reached skill level 1 in Stealth
   668 | D        | Reached skill level 10 in Long Blades
   668 | D        | Reached skill level 5 in Dodging
   668 | D        | Reached XP level 6. HP: 64/64 MP: 3/5
   778 | D        | Found Fuclyen's Distillery.
   778 | D        | Found Ceonkag's Armour Emporium.
   787 | D        | Noticed a burning bush
   787 | D        | Noticed a wandering mushroom
   815 | D        | Killed a wandering mushroom
   816 | D        | Reached skill level 10 in Fighting
   936 | D        | Noticed a wandering mushroom
  1245 | D        | Reached skill level 11 in Long Blades
  1393 | D        | Reached **** piety under Trog
  1399 | D        | Killed a burning bush
  1400 | D        | Reached skill level 12 in Long Blades
  1400 | D        | Reached XP level 7. HP: 68/74 MP: 6/6
  1447 | D        | Found Nocvylid's Antique Armour Emporium.
  1447 | D        | Found Ycryros's Magic Scroll Shoppe.
  1695 | D        | Noticed a queen bee
  1716 | D        | Killed a queen bee
  1716 | D        | Reached ***** piety under Trog
  1717 | D        | Reached skill level 13 in Long Blades
  1717 | D        | Reached XP level 8. HP: 79/84 MP: 5/7
  1873 | D        | Noticed an oklob plant
  1883 | D        | Killed an oklob plant
  1884 | D        | Reached skill level 14 in Long Blades
  2036 | D        | Noticed a burning bush
  2054 | D        | Killed a burning bush
  2171 | D        | Noticed a burning bush
  2171 | D        | Noticed an oklob plant
  2172 | D        | Noticed a wandering mushroom
  2180 | D        | Killed a burning bush
  2181 | D        | Reached skill level 5 in Evocations
  2223 | D        | Reached XP level 9. HP: 75/93 MP: 8/8
  2313 | D        | Killed an oklob plant
  2314 | D        | Reached skill level 15 in Long Blades
  2314 | D        | Reached skill level 5 in Stealth
  2320 | D        | Identified the ring "Naitips" {Dex+4 SInv}
  2371 | D        | Noticed a spriggan druid
  2379 | D        | Killed a spriggan druid
  2427 | D        | Noticed an oklob plant conjurer
  2429 | D        | Killed an oklob plant conjurer
  2429 | D        | Received a gift from Trog
  2479 | D        | Noticed a ghost moth
  2494 | D        | Killed a ghost moth
  2495 | D        | Reached skill level 16 in Long Blades
  2495 | D        | Reached XP level 10. HP: 35/104 MP: 0/9
  2783 | D        | Noticed an oklob plant
  2783 | D        | Noticed an oklob plant summoner
  2784 | D        | Noticed an oklob plant shifter
  2796 | D        | Killed an oklob plant
  2797 | D        | Reached skill level 15 in Fighting
  2797 | D        | Reached skill level 10 in Dodging
  2829 | D        | Killed an oklob plant summoner
  2833 | D        | Killed an oklob plant shifter
  2833 | D        | Reached ****** piety under Trog
  2911 | D        | Received a gift from Trog
  2918 | D        | Noticed a spriggan rider
  3288 | D        | Found Gaowe's Assorted Antiques.
  3292 | D        | Found Lehooh Fetha's Weapon Shoppe.
  3332 | D        | Noticed Agnes
  3343 | D        | Annihilated by Agnes

Illustrated notes

Levels and vault maps discovered:
D:        dungeon_sprint_fedhas [sprint_temple]

Skill      XL: |  1  2  3  4  5  6  7  8  9 10 |
---------------+-------------------------------+-----
Fighting       | 4 5 7 8 9 11 12 13 14 15 | 15.4
Long Blades    | 4 6 7 8 10 12 13 14 16 | 16.9
Armour         | 3 4 5 6 7 |  7.0
Dodging        | 3 4 5 6 8 9 10 | 10.5
Evocations     | 1 2 3 5 7 8 |  8.1
Stealth        | 1 2 3 4 7 9 |  9.0

Action                   |  1- 3 |  4- 6 |  7- 9 | 10-12 || total
-------------------------+-------+-------+-------+-------++-------
Melee: Falchion          |     8 |    43 |    89 |    30 ||   170
       Headbutt          |     1 |    11 |    21 |     9 ||    42
       Punch             |     1 |     2 |     2 |       ||     5
Invok: Berserk           |     3 |     2 |     6 |     3 ||    14
       Brothers in Arms  |       |       |       |     1 ||     1
 Abil: Evoke Invisibilit |       |     2 |     3 |     2 ||     7
Evoke: Wand              |       |       |       |     4 ||     4
       Condenser vane    |       |       |       |     2 ||     2
  Use: Scroll            |       |       |       |     1 ||     1
       Potion            |       |       |       |     1 ||     1
 Stab: Sleeping          |       |     1 |     3 |     2 ||     6
       Invisible         |       |       |     3 |     4 ||     7
Armor: Animal skin       |     1 |       |       |       ||     1
Dodge: Dodged            |     1 |    13 |    31 |    10 ||    55

Table legend: (Time is in decaauts)
 A = Elapsed time spent in this place.
 B = Non-inter-level travel time spent in this place.
 C = Inter-level travel time spent in this place.
 D = Time resting spent in this place.
 E = Time spent auto-exploring this place.
 F = Levels seen in this place.
 G = Mean time per level.
                   A        B        C        D        E       F      G
               +--------+--------+--------+--------+--------+-----+--------+
         Total |   3426 |   3426 |      0 |   2839 |      0 |   1 | 3426.0 |
       Dungeon |   3426 |   3426 |      0 |   2839 |      0 |   1 | 3426.0 |
               +--------+--------+--------+--------+--------+-----+--------+

Top non-repeatable levels by time:
       D: 3426 daAuts
